Map: [ESL] Oceanborn

Players

Solar - Winner!

  • Race: Zerg Zerg
  • Spawn Location: 5:00

MaNa

  • Race: Protoss Protoss
  • Spawn Location: 11:00

Event: ESL Spring 2024 Finals

VOD

Have the link to the VOD?

Description

Time

  • Played on: May 31, 2024, 12:16 p.m.
  • Length: 19:57

All games in this series

Show
View Real Time Build Order
Export as new Build Order

Solar Zerg - Winner!

Build Orders: Hatch First, Lurkers, Roach Hydra 

Get SALT Encoding   

  12  0:00  Drone  
  13  0:12  Overlord  
  13  0:16  Drone  
  14  0:31  Drone x2  
  16  0:47  Hatchery  
  15  0:51  Drone  
  15  0:54  Drone  
  17  0:57  Drone  
  18  1:09  Extractor  
  17  1:13  Spawning Pool  
  17  1:17  Drone  
  17  1:20  Drone  
  18  1:27  Drone  
  19  1:38  Drone  
  20  1:49  Overlord  
  20  1:59  Queen  
  20  2:00  Zergling x4, Queen  
  26  2:10  Drone x2  
  26  2:13  Metabolic Boost  
  28  2:22  Drone x2  
  30  2:36  Hatchery  
  29  2:41  Zergling x2  
  30  2:44  Queen  
  30  2:50  Overlord  
  32  2:52  Drone x2  
  32  2:58  Zergling x2  
  35  2:59  Drone  
  35  3:02  Spore Crawler  
  36  3:08  Queen  
  36  3:10  Drone x2  
  36  3:11  Drone  
  41  3:14  Drone  
  41  3:17  Overlord  
  42  3:24  Queen  
  44  3:29  Overlord  
  43  3:35  Drone  
  43  3:36  Drone x2  
  43  3:37  Drone x2  
  48  3:46  Queen  
  48  3:47  Queen  
  52  3:48  Drone  
  52  3:52  Drone  
  52  3:53  Spore Crawler  
  54  3:55  Drone x2  
  54  3:57  Drone  
  54  4:00  Drone  
  57  4:03  Drone  
  57  4:04  Overlord  
  57  4:09  Drone, Spore Crawler  
  58  4:11  Drone x2  
  58  4:14  Drone x2  
  62  4:17  Drone  
  62  4:21  Zergling x2  
  62  4:22  Zergling x4  
  65  4:26  Overlord  
  65  4:30  Roach Warren, Drone x2  
  66  4:33  Drone  
  66  4:34  Drone  
  66  4:36  Extractor  
  66  4:37  Drone  
  66  4:38  Drone  
  69  4:39  Drone  
  69  4:42  Drone  
  69  4:43  Drone x2  
  69  4:44  Drone  
  74  4:47  Zergling x4  
  74  4:49  Drone  
  74  4:51  Drone  
  74  4:52  Overlord, Extractor  
  77  4:56  Drone  
  77  4:59  Extractor  
  77  5:00  Lair  
  77  5:01  Drone  
  77  5:02  Evolution Chamber  
  77  5:03  Overlord  
  77  5:06  Drone  
  77  5:11  Extractor  
  77  5:13  Roach x4  
  84  5:15  Drone x2  
  84  5:16  Overlord  
  84  5:19  Roach  
  88  5:21  Drone  
  88  5:23  Drone x2  
  88  5:25  Overlord  
  91  5:29  Overlord  
  91  5:30  Overlord  
  91  5:31  Drone  
  91  5:35  Overlord  
  91  5:39  Roach x2  
  91  5:40  Roach  
  97  5:44  Roach x2  
  97  5:46  Roach x2  
  97  5:49  Roach  
  107  5:50  Spore Crawler, Roach  
  107  5:52  Roach  
  107  5:55  Roach  
  107  5:56  Roach  
  113  5:59  Glial Reconstitution  
  112  6:09  Drone x6  
  117  6:15  Drone  
  117  6:18  Drone  
  119  6:20  Drone, Spire  
  119  6:21  Extractor  
  118  6:27  Drone  
  118  6:29  Drone  
  118  6:31  Drone x5  
  118  6:32  Overlord  
  123  6:34  Zergling x2  
  123  6:35  Overseer  
  123  6:38  Zergling x2  
  125  6:40  Hatchery  
  125  6:41  Zergling x2  
  125  6:43  Zergling x6  
  125  6:46  Overlord  
  127  6:47  Zergling x4  
  127  6:48  Zergling x2  
  127  6:52  Zergling x8  
  134  6:56  Roach  
  136  7:02  Overlord  
  136  7:04  Roach  
  136  7:07  Overlord  
  138  7:12  Overlord  
  138  7:15  Roach x2  
  142  7:16  Zergling x8  
  142  7:18  Overlord  
  142  7:19  Overlord  
  142  7:21  Overlord  
  146  7:23  Extractor x2  
  146  7:29  Overlord  
  144  7:32  Mutalisk x4  
  144  7:35  Zerg Missile Weapons Level 1  
  144  7:37  Drone, Infestation Pit  
  153  7:39  Mutalisk x5  
  153  7:42  Mutalisk  
  163  7:49  Drone x2  
  163  7:50  Drone  
  166  7:52  Drone  
  166  7:57  Drone  
  166  7:58  Overseer  
  168  8:01  Drone  
  168  8:02  Roach x4  
  168  8:03  Drone  
  168  8:05  Hydralisk Den  
  177  8:08  Drone x2  
  177  8:10  Roach x3  
  177  8:21  Roach x3  
  177  8:22  Zergling x10  
  177  8:25  Zergling x10  
  177  8:26  Drone  
  190  8:28  Drone  
  190  8:33  Drone  
  186  8:35  Zergling x2  
  186  8:36  Hive, Grooved Spines  
  186  8:41  Hydralisk x3  
  179  8:43  Lurker Den  
  179  8:45  Hydralisk x2  
  179  8:48  Hydralisk  
  184  8:50  Hydralisk  
  184  8:51  Hydralisk  
  184  8:54  Spore Crawler  
  187  8:55  Hydralisk  
  179  9:02  Hydralisk  
  179  9:03  Hydralisk x2  
  179  9:05  Zergling x6  
  179  9:06  Hydralisk  
  179  9:09  Hydralisk  
  182  9:13  Hydralisk x2  
  180  9:17  Hydralisk x2  
  180  9:21  Zergling x8  
  170  9:25  Drone x2  
  170  9:26  Roach x2  
  160  9:31  Muscular Augments, Hydralisk x2  
  160  9:34  Roach  
  160  9:35  Roach  
  160  9:36  Hydralisk  
  164  9:39  Hydralisk  
  164  9:42  Roach x2  
  164  9:45  Hydralisk  
  170  9:48  Hydralisk x2  
  170  9:50  Roach  
  170  9:51  Roach  
  180  9:53  Roach  
  180  9:58  Roach  
  180  9:59  Roach x3  
  172  10:02  Hydralisk x2  
  172  10:04  Zergling x4  
  158  10:07  Zergling x4  
  158  10:08  Roach  
  158  10:10  Roach  
  158  10:12  Hydralisk  
  153  10:17  Hydralisk x2  
  153  10:23  Zerg Missile Weapons Level 2, Seismic Spines  
  153  10:26  Drone x2  
  155  10:31  Roach x3  
  155  10:32  Zergling x4  
  155  10:34  Lurker x2  
  165  10:44  Drone  
  165  10:46  Lurker x2  
  165  10:47  Zergling x2  
  165  10:48  Zergling x4  
  170  10:53  Zergling x10  
  170  10:56  Hatchery  
  172  10:59  Hydralisk x2  
  175  11:04  Drone x2  
  175  11:05  Lurker x3  
  175  11:07  Drone x2  
  175  11:10  Hydralisk  
  181  11:16  Spine Crawler  
  181  11:18  Lurker  
  176  11:20  Drone x3, Adaptive Talons  
  176  11:24  Lurker  
  180  11:26  Hydralisk x2  
  180  11:27  Zergling x6  
  180  11:31  Lurker  
  180  11:32  Overlord  
  188  11:34  Zergling x8  
  190  11:41  Extractor, Hydralisk  
  190  11:42  Extractor  
  190  11:53  Hydralisk x7  
  198  11:59  Hydralisk x2  
  198  12:01  Hydralisk  
  196  12:03  Hydralisk x2  
  196  12:07  Hydralisk x2  
  191  12:11  Hydralisk  
  191  12:13  Hydralisk  
  169  12:15  Zergling x2  
  169  12:16  Zergling x6  
  169  12:18  Zergling x6  
  160  12:22  Zergling x2  
  160  12:23  Zergling x6  
  163  12:30  Lurker x3  
  163  12:34  Lurker  
  163  12:35  Zergling x16  
  175  12:38  Queen  
  175  12:42  Adrenal Glands  
  177  12:45  Lurker  
  177  12:51  Lurker  
  179  12:52  Lurker  
  179  12:56  Hydralisk x2  
  179  12:57  Spine Crawler  
  183  12:58  Spine Crawler  
  183  13:00  Zergling x6  
  183  13:03  Zergling x2  
  183  13:04  Zergling x6  
  185  13:06  Lurker x2  
  185  13:07  Zergling x2  
  184  13:13  Hydralisk x2  
  184  13:14  Hydralisk  
  184  13:19  Overseer, Lurker x2  
  192  13:21  Zergling x2  
  192  13:22  Zergling x6  
  192  13:26  Zergling x6  
  199  13:29  Zerg Melee Weapons Level 1  
  198  13:36  Hydralisk x3  
  199  13:45  Hydralisk x2  
  179  13:49  Lurker x4  
  179  13:52  Zergling x18  
  192  13:56  Zergling x8  
  192  14:01  Hydralisk  
  192  14:02  Hydralisk  
  197  14:07  Lurker x3  
  198  14:31  Lurker x7  
  200  14:37  Spire  
  199  14:43  Hydralisk x2  
  199  14:44  Zergling x2, Hydralisk  
  200  14:51  Zergling x2  
  194  14:55  Zergling x8  
  194  14:56  Hydralisk x5  
  194  14:57  Hydralisk x3  
  194  14:59  Zergling x18  
  187  15:00  Hydralisk  
  187  15:04  Hydralisk  
  186  15:10  Lurker  
  186  15:12  Drone x4  
  192  15:14  Drone  
  192  15:16  Lurker  
  192  15:17  Zergling x2  
  192  15:18  Zergling x6  
  197  15:22  Hydralisk  
  195  15:31  Pneumatized Carapace  
  195  15:32  Lurker x3  
  200  15:35  Roach  
  200  15:38  Hydralisk x3  
  194  16:02  Hydralisk x2  
  198  16:10  Zergling x2  
  198  16:11  Zergling x6  
  196  16:28  Hydralisk x2  
  196  16:31  Hydralisk x2  
  199  16:34  Hydralisk x4  
  199  16:39  Hydralisk x3  
  186  16:44  Hydralisk x5  
  189  16:49  Lurker  
  189  16:50  Lurker x4  
  189  16:52  Zergling x4  
  189  16:53  Zergling x10  
  199  16:58  Hydralisk x3  
  198  17:05  Hydralisk x2  
  180  17:09  Hydralisk  
  180  17:10  Hydralisk x10  
  166  17:16  Lurker x2  
  166  17:17  Roach  
  166  17:18  Roach x5  
  173  17:25  Zergling x4  
  173  17:29  Lurker x7  
  178  17:33  Lurker  
  178  17:34  Lurker x2  
  178  17:36  Zergling x2  
  176  17:43  Zergling x8  
  179  17:49  Zergling x8  
  179  17:55  Hydralisk  
  164  17:59  Hydralisk  
  150  18:10  Hatchery  
  149  18:13  Lurker x2  
  149  18:16  Greater Spire  
  149  18:18  Overseer  
  151  18:22  Lurker  
  152  18:37  Lurker  
  152  18:38  Zergling x14  
  156  18:50  Corruptor x2  
  160  18:58  Corruptor x2  
  145  19:06  Corruptor  
  146  19:29  Overseer, Brood Lord x2  
  148  19:33  Brood Lord  
  149  19:40  Extractor  
  149  19:41  Extractor  
Show
View Real Time Build Order
Export as new Build Order

MaNa Protoss 

Build Orders: 1 Gate Expand, Oracle Opening, Archon Immortal 

Get SALT Encoding   

  12  0:00  Probe  
  13  0:12  Probe  
  14  0:19  Pylon  
  14  0:24  Probe  
  15  0:37  Probe (Chrono Boost)  
  15  0:41  Gateway  
  16  0:46  Probe (Chrono Boost)  
  17  0:50  Assimilator  
  17  0:51  Probe  
  18  1:03  Probe (Chrono Boost)  
  19  1:13  Probe (Chrono Boost)  
  19  1:18  Probe (Chrono Boost)  
  21  1:30  Nexus  
  21  1:40  Cybernetics Core  
  21  1:43  Probe  
  22  1:48  Assimilator  
  22  1:54  Pylon  
  22  1:56  Probe  
  23  2:12  Probe  
  23  2:13  Adept (Chrono Boost)  
  24  2:18  Stargate  
  26  2:24  Probe  
  26  2:25  Warp Gate  
  28  2:38  Stalker  
  28  2:39  Probe (Chrono Boost)  
  28  2:41  Probe (Chrono Boost)  
  33  2:52  Probe (Chrono Boost)  
  33  2:53  Probe (Chrono Boost)  
  33  2:56  Probe (Chrono Boost)  
  34  3:01  Oracle (Chrono Boost), Probe  
  38  3:08  Probe  
  39  3:13  Probe  
  40  3:20  Probe  
  40  3:25  Probe  
  42  3:32  Nexus, Probe  
  43  3:37  Probe  
  43  3:40  Twilight Council  
  43  3:41  Forge  
  44  3:44  Probe  
  45  3:49  Probe  
  45  3:54  Pylon  
  46  3:58  Gateway  
  46  4:04  Gateway  
  46  4:05  Gateway  
  46  4:06  Protoss Ground Weapons Level 1 (Chrono Boost)  
  46  4:09  Charge  
  46  4:10  Pylon  
  46  4:12  Probe  
  46  4:14  Adept  
  49  4:23  Probe  
  49  4:25  Probe  
  49  4:30  Gateway  
  50  4:32  Gateway  
  50  4:35  Probe  
  50  4:37  Probe  
  52  4:40  Oracle  
  52  4:44  Probe  
  56  4:48  Probe  
  56  4:49  Probe  
  56  4:50  Zealot  
  60  4:54  Zealot  
  60  4:56  Probe  
  63  5:00  Probe  
  63  5:01  Probe  
  63  5:04  Zealot x2  
  69  5:08  Probe  
  69  5:12  Zealot, Probe  
  69  5:13  Probe  
  74  5:15  Zealot  
  74  5:18  Pylon  
  74  5:20  Probe  
  77  5:33  Pylon  
  77  5:36  Zealot x4  
  77  5:41  Protoss Ground Weapons Level 2  
  85  5:47  Robotics Facility  
  85  5:49  Robotics Facility  
  85  5:51  Probe x3  
  88  5:57  Zealot x2  
  88  6:00  Pylon  
  88  6:03  Probe x2  
  93  6:08  Shield Battery  
  93  6:13  Probe  
  93  6:16  Zealot, Probe  
  93  6:18  Assimilator  
  93  6:20  Assimilator  
  93  6:21  Zealot  
  93  6:22  Zealot x3, Photon Cannon  
  101  6:28  Probe  
  101  6:29  Probe  
  101  6:33  Assimilator, Templar Archives  
  101  6:34  Assimilator  
  101  6:45  Nexus  
  101  6:48  Pylon  
  101  6:56  Pylon  
  101  7:05  Warp Prism  
  101  7:06  Probe x2, Immortal (Chrono Boost)  
  101  7:07  Blink  
  109  7:14  Probe  
  110  7:17  Zealot x3  
  110  7:18  Probe  
  110  7:21  Pylon  
  117  7:30  Pylon  
  117  7:32  Pylon  
  117  7:35  Photon Cannon  
  117  7:39  Phoenix (Chrono Boost)  
  117  7:40  Immortal (Chrono Boost)  
  117  7:43  Stargate  
  123  7:49  High Templar x2  
  127  7:51  Photon Cannon  
  127  7:53  Shield Battery  
  127  7:55  Immortal (Chrono Boost)  
  127  7:56  Archon  
  127  7:57  Photon Cannon  
  131  8:00  Probe x3  
  131  8:01  Photon Cannon  
  131  8:02  Phoenix (Chrono Boost)  
  136  8:12  Zealot x4  
  142  8:26  Phoenix x2 (Chrono Boost)  
  146  8:32  Stalker x4  
  146  8:33  Stalker x2  
  153  8:34  Probe  
  153  8:39  Probe x2  
  151  8:44  Probe  
  151  8:47  Shield Battery  
  151  8:48  Phoenix x2 (Chrono Boost), Probe  
  149  8:56  High Templar x2  
  149  9:00  Archon, Probe  
  151  9:05  Zealot x4  
  145  9:14  Probe x2  
  139  9:17  Pylon  
  139  9:19  Probe  
  134  9:27  Zealot x4  
  134  9:28  Zealot x2  
  134  9:31  Probe  
  151  9:38  Immortal x2  
  155  9:47  High Templar x4  
  155  9:50  Archon  
  155  9:51  Archon  
  144  10:02  Psionic Storm  
  115  10:13  Stalker x2  
  105  10:18  Immortal x2 (Chrono Boost)  
  105  10:19  Zealot x4  
  109  10:21  Probe x4  
  112  10:32  Shield Battery  
  112  10:33  Shield Battery, Probe x2  
  112  10:34  Probe  
  115  10:36  Assimilator  
  115  10:37  High Templar x2  
  115  10:41  Assimilator  
  119  10:44  Probe  
  119  10:45  Probe x2, Photon Cannon  
  119  10:48  High Templar  
  118  10:57  High Templar  
  118  10:58  Zealot x2, Warp Prism (Chrono Boost)  
  118  10:59  Probe  
  127  11:08  Immortal (Chrono Boost)  
  127  11:09  High Templar  
  133  11:12  Probe x3  
  128  11:18  Pylon  
  128  11:20  Photon Cannon  
  128  11:28  Probe  
  128  11:29  Probe x2  
  128  11:30  Observer (Chrono Boost)  
  135  11:35  High Templar  
  135  11:37  Gateway  
  135  11:39  Observer  
  137  11:40  Zealot x2  
  137  11:42  Zealot  
  138  11:56  Zealot x2  
  138  11:59  Probe  
  138  12:00  Probe x3  
  139  12:05  Oracle  
  135  12:12  Probe x2  
  125  12:19  Immortal (Chrono Boost)  
  125  12:22  High Templar x3, Pylon  
  117  12:23  High Templar  
  117  12:25  Probe x3  
  117  12:26  Probe  
  117  12:29  Archon x2  
  127  12:36  Nexus  
  127  12:37  Pylon  
  127  12:38  Stalker  
  127  12:39  Immortal (Chrono Boost)  
  127  12:40  Pylon  
  133  12:45  Probe x3  
  133  12:47  Zealot  
  138  12:52  Probe  
  138  12:57  Probe  
  138  12:58  Zealot x5, Probe  
  151  12:59  Immortal  
  151  13:01  Protoss Ground Weapons Level 3 (Chrono Boost)  
  155  13:13  Immortal  
  155  13:19  Zealot x2, High Templar x4  
  171  13:27  Probe x3  
  171  13:32  Observer  
  174  13:38  Observer  
  174  13:40  Zealot x3  
  177  13:57  Immortal  
  177  14:00  High Templar x3  
  177  14:01  High Templar x2  
  187  14:05  Archon  
  187  14:06  Archon  
  187  14:07  Zealot x2  
  185  14:10  Nexus  
  185  14:17  Probe x3  
  185  14:20  Photon Cannon  
  185  14:21  Photon Cannon  
  185  14:23  Photon Cannon  
  188  14:25  Shield Battery  
  188  14:27  Shield Battery  
  184  14:40  Pylon  
  184  14:42  Pylon x2  
  180  14:52  Immortal (Chrono Boost)  
  180  14:59  Archon, Immortal (Chrono Boost)  
  156  15:01  Nexus  
  156  15:04  High Templar x7  
  155  15:08  Archon x3  
  155  15:17  Robotics Facility  
  155  15:25  Immortal (Chrono Boost)  
  159  15:30  Immortal  
  163  15:39  High Templar x3  
  169  15:42  Zealot  
  169  15:43  Zealot x3  
  166  16:01  Immortal  
  166  16:03  Zealot x2  
  172  16:09  Immortal  
  172  16:11  Immortal  
  152  16:26  Zealot x4  
  154  16:39  Immortal (Chrono Boost)  
  127  16:47  Zealot x3  
  127  16:50  Immortal (Chrono Boost)  
  138  17:02  Immortal (Chrono Boost)  
  138  17:07  Observer  
  119  17:14  Immortal (Chrono Boost)  
  111  17:18  Zealot x3  
  111  17:23  Archon x2  
  110  17:30  Observer (Chrono Boost)  
  106  17:39  Immortal (Chrono Boost)  
  106  17:42  High Templar x2  
  100  18:06  Immortal  
  104  18:13  Immortal  
  104  18:15  High Templar x2  
  104  18:16  Probe  
  104  18:17  Probe x2  
  114  18:28  Probe  
  115  18:47  High Templar, Pylon  
  116  18:50  Observer  
  116  18:52  Observer  
  93  19:08  Observer  
  94  19:18  Gateway  
  94  19:23  Gateway  
  92  19:42  Pylon  
  92  19:44  Pylon  
  88  19:46  Archon  
Tags
 
Add a new tag
Caveats
  • Supply blocks, unpowered buildings, or Contaminate may cause inaccurate times.
  • Supply counts are checked every 10 seconds.